 Dungeon Crawl Stone Soup version 0.22-a0-32-ga749362 (webtiles) character file.

17425 torrenera the Nimble (level 12, -10/79 HPs)
             Began as a Deep Elf Fire Elementalist on Jan 3, 2018.
             Was a Priest of Vehumet.
             Mangled by a seven-headed hydra (17 damage)
             ... on level 1 of the Lair of Beasts.
             The game lasted 00:49:22 (17053 turns).

torrenera the Nimble (Deep Elf Fire Elementalist)  Turns: 17053, Time: 00:49:23

Health: -10/79     AC:  5    Str:  5    XL:     12   Next: 18%
Magic:  18/25      EV: 20    Int: 26    God:    Vehumet [***...]
Gold:   633        SH:  0    Dex: 15    Spells: 7/26 levels left

rFire    + . .     SeeInvis .   S - +2 scimitar (flame)
rCold    . . .     Gourm    .   (no shield)
rNeg     . . .     Faith    .   I - +0 robe
rPois    .         Spirit   .   x - +2 helmet
rElec    .         Reflect  .   (no cloak)
rCorr    .         Harm     .   (no gloves)
MR       ++...                  (no boots)
Stlth    ++........             f - amulet of magic regeneration
HPRegen  0.23/turn              C - ring of protection from magic
MPRegen  0.44/turn              K - ring of protection from fire

@: no status effects
A: no striking features
a: Renounce Religion


You were on level 1 of the Lair of Beasts.
You worshipped Vehumet.
Vehumet was most pleased with you.
You were not hungry.

You visited 3 branches of the dungeon, and saw 15 of its levels.

You collected 666 gold pieces.
You spent 33 gold pieces at shops.

Inventory:

Hand Weapons
 b - a +2 dagger of draining
 m - a +3 spear of freezing
 R - a +0 blowgun
 S - a +2 scimitar of flaming (weapon)
Missiles
 e - 339 stones (quivered)
 j - 4 curare-tipped needles
 k - 45 poisoned needles
 t - 52 sling bullets
 U - 6 needles of sleeping
Armour
 x - a +2 helmet (worn)
 I - a +0 robe (worn)
Jewellery
 f - an amulet of magic regeneration (around neck)
 i - an uncursed ring of stealth
 l - an uncursed ring of fire
 p - an uncursed ring of protection from magic
 C - a ring of protection from magic (left hand)
 K - a ring of protection from fire (right hand)
Wands
 y - a wand of acid (6)
 M - a wand of flame (30)
Scrolls
 a - a scroll of brand weapon {unknown}
 g - 3 scrolls of magic mapping
 h - 2 scrolls of identify
 o - 5 scrolls of remove curse
 r - 2 scrolls of amnesia
 s - 2 scrolls of enchant armour
 w - 2 scrolls of fear
 z - 3 scrolls of fog
 B - a scroll of immolation {unknown}
 D - a scroll of enchant weapon
 H - a scroll of summoning {unknown}
 J - 3 scrolls of blinking
 Q - a scroll of torment {unknown}
Potions
 d - a potion of brilliance {unknown}
 n - a potion of lignification
 u - a potion of ambrosia
 v - 2 potions of might
 A - 5 potions of curing
 E - 2 potions of mutation
 G - a potion of flight
 N - 2 potions of cancellation
 V - a potion of berserk rage {unknown}
Books
 q - a book of Flames

   Spells                             Type                      Level
   a - Flame Tongue                   Conjuration/Fire             1
   b - Throw Flame                    Conjuration/Fire             2
   c - Conjure Flame                  Conjuration/Fire             3
   d - Inner Flame                    Hexes/Fire                   3
   e - Sticky Flame                   Conjuration/Fire             4
   f - Fireball                       Conjuration/Fire             5
 F - a book of Debilitation

   Spells                             Type                      Level
   a - Corona                         Hexes                        1
   b - Slow                           Hexes                        2
   c - Inner Flame                    Hexes/Fire                   3
   d - Portal Projectile              Hexes/Translocation          3
   e - Cause Fear                     Hexes                        4
   f - Leda's Liquefaction            Hexes/Earth                  4
 L - a book of Air

   Spells                             Type                      Level
   a - Shock                          Conjuration/Air              1
   b - Swiftness                      Charms/Air                   2
   c - Static Discharge               Conjuration/Air              3
   d - Airstrike                      Air                          4
   e - Lightning Bolt                 Conjuration/Air              5
 O - a book of Geomancy

   Spells                             Type                      Level
   a - Sandblast                      Earth                        1
   b - Passwall                       Transmutation/Earth          2
   c - Stone Arrow                    Conjuration/Earth            3
   d - Petrify                        Transmutation/Earth          4
   e - Lee's Rapid Deconstruction     Earth                        5
 P - a book of Necromancy

   Spells                             Type                      Level
   a - Pain                           Necromancy                   1
   b - Animate Skeleton               Necromancy                   1
   c - Vampiric Draining              Necromancy                   3
   d - Regeneration                   Charms/Necromancy            3
   e - Animate Dead                   Necromancy                   4
   f - Borgnjor's Vile Clutch         Necromancy/Earth             5
 T - a book of Party Tricks

   Spells                             Type                      Level
   a - Summon Butterflies             Summoning                    1
   b - Apportation                    Translocation                1
   c - Lesser Beckoning               Translocation                3
   d - Tukima's Dance                 Hexes                        3
   e - Alistair's Intoxication        Transmutation/Poison         5
   f - Invisibility                   Hexes                        6
Miscellaneous
 W - a lightning rod (2/4)
Comestibles
 c - 16 rations
 X - 12 chunks of flesh


   Skills:
 - Level 10.7 Fighting
 - Level 11.0 Dodging
 - Level 2.4 Stealth
 + Level 7.8 Spellcasting
 + Level 9.3 Conjurations
 + Level 9.2 Fire Magic


You had 7 spell levels left.
You knew the following spells:

 Your Spells              Type           Power        Failure   Level  Hunger
a - Flame Tongue          Conj/Fire      #####        1%          1    None
b - Stone Arrow           Conj/Erth      ####..       1%          3    None
c - Conjure Flame         Conj/Fire      ######..     1%          3    None
d - Sticky Flame          Conj/Fire      ######..     1%          4    ##.....
e - Fireball              Conj/Fire      ######....   1%          5    ####...
f - Swiftness             Chrm/Air       ##......     9%          2    None
g - Summon Butterflies    Summ           ##......     6%          1    None


Dungeon Overview and Level Annotations

Branches:
Dungeon (13/15)            Temple (1/1) D:7            Lair (1/6) D:10
 Vaults (0/5) D:13
    Orc: D:9-12

Altars:
Cheibriados
Elyvilon
Fedhas
Gozag
Kikubaaqudgha
Makhleb
Nemelex Xobeh
Okawaru
Qazlal
Ru
Sif Muna
Uskayaw
Vehumet
Wu Jian
Xom
Yredelemnul

Shops:
D:5 ?

Annotations:
D:13 Nessos, Rupert, Urug


Message History

The eight-headed hydra closely misses you.
The eight-headed hydra misses you.
The eight-headed hydra completely misses you. x2
You slice one of the eight-headed hydra's heads off!
The flame cauterises the wound!
You hit the seven-headed hydra. You burn the seven-headed hydra.
The seven-headed hydra is heavily wounded.
The seven-headed hydra burns!
The seven-headed hydra is engulfed in blazing flames.
The seven-headed hydra bites you!
The seven-headed hydra closely misses you.
The seven-headed hydra bites you.
The seven-headed hydra bites you but does no damage.
The seven-headed hydra bites you! x2
* * * LOW HITPOINT WARNING * * *
The seven-headed hydra bites you!
* * * LOW HITPOINT WARNING * * *
The seven-headed hydra is engulfed in blazing flames.
The seven-headed hydra bites you!
You die...

##.# ##...
#.......... #.#
#..##
#..>.......
#.#### #..#
#..........
##.##.###..#
#....##P####
#..........#
##...####
##...#.###.#
#...# #...###
#.# #... #...#
#.# #...# #@#
#...# #D######.
P.... #........
#....#
#%.......
...............
...............
......###+.#.##
.####. ..... #.
.###.


You could see a seven-headed hydra (burning).

Vanquished Creatures
  A hydra (Lair:1)
  5 two-headed ogres
  Erica (D:8)
  2 unseen horrors (D:12)
  An ugly thing (D:12)
  A rime drake (Lair:1)
  A merfolk (D:9)
  6 slime creatures (D:12)
  2 blink frogs (Lair:1)
  3 hippogriffs
  An air elemental (D:10)
  A water elemental (D:10)
  A shadow (D:12)
  A fire elemental (D:10)
  13 yaks
  A basilisk (D:12)
  A hungry ghost (D:12)
  Grum (D:8)
  A wyvern (D:8)
  A soldier ant (D:12)
  2 water moccasins
  5 ice beasts
  A sky beast (D:6)
  2 black bears
  3 phantoms
  4 orc warriors
  2 ogres
  9 wolves
  5 centaurs
  3 crocodiles
  3 big kobolds
  An earth elemental (D:10)
  7 bullfrogs
  A water moccasin skeleton (D:7)
  4 scorpions
  6 killer bees
  3 wights (D:10)
  6 howler monkeys
  A crimson imp (D:8)
  A quasit (D:7)
  A bullfrog zombie (D:12)
  2 bullfrog skeletons
  A hound (D:7)
  4 orc priests
  3 centaur skeletons
  4 jellies
  Terence (D:2)
  5 worker ants
  3 orc wizards
  2 hound zombies
  11 adders
  3 shadow imps
  An ooze (D:3)
  3 worms
  5 dart slugs
  3 leopard geckos
  40 orcs
  3 giant cockroaches
  10 goblins
  8 hobgoblins
  2 iguanas
  3 quokkas
  8 bats
  5 frilled lizards
  A jackal skeleton (D:4)
  16 kobolds
  A leopard gecko skeleton (D:4)
  A leopard gecko zombie (D:8)
  7 rats
271 creatures vanquished.

Vanquished Creatures (others)
  A plant (Lair:1)
1 creature vanquished.

Grand Total: 272 creatures vanquished

Notes
Turn   | Place    | Note
-------+----------+-------------------------------------------
     0 | D:1      | torrenera the Deep Elf Fire Elementalist began the quest for the Orb.
     0 | D:1      | Reached XP level 1. HP: 10/10 MP: 6/6
   289 | D:1      | Reached XP level 2. HP: 15/15 MP: 4/8
   825 | D:1      | Learned a level 2 spell: Throw Flame
  1316 | D:2      | Reached XP level 3. HP: 10/19 MP: 3/10
  1960 | D:2      | Learned a level 3 spell: Conjure Flame
  2043 | D:2      | Reached XP level 4. HP: 16/24 MP: 0/12
  2303 | D:2      | Learned a level 4 spell: Sticky Flame
  2387 | D:2      | Found a shimmering altar of Xom.
  2577 | D:2      | Noticed Terence
  2588 | D:2      | Killed Terence
  3014 | D:3      | Reached skill level 5 in Fire Magic
  3014 | D:3      | Reached XP level 5. HP: 28/28 MP: 10/14
  3153 | D:3      | Found a white marble altar of Elyvilon.
  3692 | D:4      | Noticed a phantom
  3960 | D:3      | Killed a phantom
  3960 | D:3      | Reached XP level 6. HP: 14/32 MP: 9/15
  4514 | D:4      | Found an ornate altar of the Wu Jian Council.
  4796 | D:4      | Reached XP level 7. HP: 10/36 MP: 11/16
  5064 | D:4      | Reached skill level 5 in Conjurations
  5430 | D:5      | Entered Level 5 of the Dungeon
  5674 | D:5      | Found Hasain's Magic Scroll Shop.
  5680 | D:5      | Bought a scroll of remove curse for 33 gold pieces
  6537 | D:6      | Found an opulent altar of Gozag.
  6603 | D:6      | Noticed a hippogriff
  6618 | D:6      | Killed a hippogriff
  6618 | D:6      | Reached XP level 8. HP: 41/41 MP: 4/17
  6981 | D:6      | Found a snail-covered altar of Cheibriados.
  7212 | D:6      | Learned a level 5 spell: Fireball
  7628 | D:7      | Reached skill level 1 in Fighting
  7970 | D:7      | Found a staircase to the Ecumenical Temple.
  7998 | Temple   | Entered the Ecumenical Temple
  8027 | Temple   | Became a worshipper of Vehumet
  9127 | D:7      | Reached XP level 9. HP: 37/52 MP: 4/18
  9407 | D:8      | Noticed Erica
  9414 | D:8      | Reached skill level 5 in Fighting
  9571 | D:8      | Noticed Grum
  9580 | D:8      | Killed Grum
  9867 | D:8      | Killed Erica
  9911 | D:8      | Learned a level 2 spell: Swiftness
 10024 | D:8      | Reached * piety under Vehumet
 10024 | D:8      | Offered knowledge of Sting by Vehumet.
 10760 | D:9      | Noticed a death knight
 10778 | D:8      | Reached XP level 10. HP: 42/65 MP: 16/19
 10938 | D:9      | Noticed a two-headed ogre
 10946 | D:9      | Killed a two-headed ogre
 11364 | D:10     | Entered Level 10 of the Dungeon
 11553 | D:10     | Found a staircase to the Lair.
 11652 | D:10     | Noticed a two-headed ogre
 11659 | D:10     | Killed a two-headed ogre
 11659 | D:10     | Reached skill level 10 in Fighting
 11945 | D:10     | Learned a level 3 spell: Stone Arrow
 12206 | D:10     | Reached skill level 3 in Dodging
 12356 | D:10     | Noticed a two-headed ogre
 12364 | D:10     | Killed a two-headed ogre
 12364 | D:10     | Reached skill level 5 in Dodging
 12407 | D:10     | You fall through a shaft for 2 floors!
 12546 | D:12     | Reached XP level 11. HP: 73/73 MP: 17/20
 12549 | D:12     | Noticed a two-headed ogre
 12559 | D:12     | Killed a two-headed ogre
 12559 | D:12     | Reached skill level 6 in Dodging
 12723 | D:12     | Reached ** piety under Vehumet
 12724 | D:12     | Noticed an unseen horror
 12729 | D:12     | Killed an unseen horror
 12729 | D:12     | Reached skill level 7 in Dodging
 12741 | D:12     | Offered knowledge of Throw Frost by Vehumet.
 12884 | D:12     | Noticed an unseen horror
 12889 | D:12     | Killed an unseen horror
 12889 | D:12     | Reached skill level 8 in Dodging
 13091 | D:12     | Noticed a two-headed ogre
 13101 | D:12     | Killed a two-headed ogre
 13101 | D:12     | Reached skill level 9 in Dodging
 13341 | D:12     | Noticed a purple ugly thing
 13354 | D:12     | Killed a purple ugly thing
 13490 | D:12     | Reached skill level 10 in Dodging
 13967 | D:12     | Reached skill level 11 in Dodging
 14606 | D:13     | Found a gate to the Vaults.
 14606 | D:13     | Noticed Nessos
 14606 | D:13     | Noticed Rupert
 14606 | D:13     | Noticed a centaur warrior
 14606 | D:13     | Noticed Urug
 14654 | D:11     | Learned a level 1 spell: Summon Butterflies
 14725 | D:11     | Reached skill level 5 in Spellcasting
 14802 | D:11     | Offered knowledge of Ignite Poison by Vehumet.
 15150 | D:10     | Reached *** piety under Vehumet
 15380 | D:10     | Found a large runed door.
 15380 | D:10     | Found a large runed door.
 15753 | D:10     | Offered knowledge of Olgreb's Toxic Radiance by Vehumet.
 16588 | Lair:1   | Entered Level 1 of the Lair of Beasts
 16615 | Lair:1   | Noticed a four-headed hydra
 16632 | Lair:1   | Killed a four-headed hydra
 16632 | Lair:1   | Reached XP level 12. HP: 58/79 MP: 17/24
 17046 | Lair:1   | Noticed an eight-headed hydra
 17053 | Lair:1   | Mangled by a seven-headed hydra

Vault maps used:
D:1:      lightli_arrival_statuegarden, nrook_mini_backslash
D:2:      first_ration, dk_xom_monty_hall, uniq_terence
D:3:      elyvilon_altar_1
D:4:      minmay_ruined_shrine
D:5:      serial_shops, kennysheep_mini_moat
D:6:      slow_altar_1, lemuel_tele_altar
D:7:      temple_pool_b
D:8:      uniq_erica, uniq_grum
D:9:      hangedman_fish_farm, kennysheep_generic_room_16
D:10:     lair_entry_dummy, lightli_elemental_guards
D:11:     david_orc_5
D:13:     david_vaults_3, spider_trap
Temple:   nicolae_temple_the_god_donut
Lair:1:   kennysheep_abandoned_house, serial_bayou_shore_a, uniq_nergalle

Skill      XL: |  1  2  3  4  5  6  7  8  9 10 11 |
---------------+----------------------------------+-----
Fire Magic     | 4 5 6 7 8 9 |  9.2
Spellcasting   | 4 7 |  7.8
Conjurations   | 2 3 4 7 8 9 |  9.3
Fighting       | 4 8 10 | 10.7
Dodging        | 5 11 | 11.0
Stealth        | |  2.4

Action                   |  1- 3 |  4- 6 |  7- 9 | 10-12 || total
-------------------------+-------+-------+-------+-------++-------
Melee: Spear             |    13 |    47 |    47 |     9 ||   116
       Dagger            |       |       |    51 |       ||    51
       Scimitar          |       |       |    68 |    86 ||   154
 Fire: Hunting sling     |       |       |    28 |       ||    28
       Blowgun           |       |       |       |     3 ||     3
Throw: Stone             |     1 |    23 |    15 |     7 ||    46
 Cast: Flame Tongue      |    60 |    95 |   135 |   158 ||   448
       Conjure Flame     |     1 |     1 |     8 |    23 ||    33
       Sticky Flame      |       |     4 |    24 |    77 ||   105
       Throw Flame       |       |       |     3 |       ||     3
       Fireball          |       |       |     1 |     6 ||     7
       Stone Arrow       |       |       |       |    14 ||    14
Evoke: Wand              |       |       |     1 |     2 ||     3
       Lightning rod     |       |       |       |     3 ||     3
  Use: Scroll            |     2 |       |    17 |       ||    19
       Potion            |     1 |     2 |       |     1 ||     4
 Stab: Sleeping          |     1 |     4 |       |       ||     5
       Distracted        |       |       |     1 |       ||     1
  Eat: Chunk             |     3 |     6 |    13 |    23 ||    45
       Ration            |       |     1 |     2 |     3 ||     6
Armor: Robe              |     7 |     5 |    52 |    30 ||    94
       Skin              |       |    19 |       |       ||    19
Dodge: Dodged            |    31 |    47 |   129 |   210 ||   417
       Rpst.: Scimitar   |       |       |    13 |    44 ||    57

Table legend:
 A = Spawn XP
 B = Non-spawn XP
 C = Spawn XP percentage of total XP
 D = Spawn monster count
 E = Non-spawn monster count
 F = Spawn count percentage of total count
 G = Total turns spent on level
                    A         B        C        D         E        F      G
               +---------+---------+-------+---------+---------+-------+---------
         Total |       0 |   24894 |   0.0 |       0 |     271 |   0.0 | 17053
               +---------+---------+-------+---------+---------+-------+---------
           D:1 |       0 |      34 |   0.0 |       0 |      16 |   0.0 |  1303
           D:2 |       0 |     149 |   0.0 |       0 |      23 |   0.0 |  1539
           D:3 |       0 |     333 |   0.0 |       0 |      32 |   0.0 |  1583
           D:4 |       0 |     340 |   0.0 |       0 |      15 |   0.0 |  1008
           D:5 |       0 |     409 |   0.0 |       0 |      13 |   0.0 |  1104
           D:6 |       0 |     691 |   0.0 |       0 |      10 |   0.0 |  1078
           D:7 |       0 |     942 |   0.0 |       0 |      15 |   0.0 |  1819
           D:8 |       0 |    2701 |   0.0 |       0 |      26 |   0.0 |  1378
           D:9 |       0 |    1623 |   0.0 |       0 |       8 |   0.0 |   505
          D:10 |       0 |    5802 |   0.0 |       0 |      60 |   0.0 |  2934
          D:11 |       0 |    1552 |   0.0 |       0 |      15 |   0.0 |   282
          D:12 |       0 |    7125 |   0.0 |       0 |      25 |   0.0 |  2237
        Lair:1 |       0 |    3193 |   0.0 |       0 |      13 |   0.0 |   232
               +---------+---------+-------+---------+---------+-------+---------
